 Dungeon Crawl Stone Soup version 0.31-a0-7-g51783674b7 (webtiles) character file.

Game seed: 6641914434610383881

284 Maxmaps the Shooter (level 6, -16/50 HPs)
             Began as a Demonspawn Hunter on May 5, 2023.
             Demolished by an ogre
             ... wielding a +0 giant club
              (25 damage)
             ... on level 4 of the Dungeon.
             The game lasted 00:05:51 (3345 turns).

Maxmaps the Shooter (Demonspawn Hunter)             Turns: 3345, Time: 00:05:51

Health: -16/50     AC:  8    Str: 11    XL:     6   Next: 7%
Magic:  6/6        EV: 10    Int: 12    God:
Gold:   143        SH:  4    Dex: 17    Spells: 5/5 levels left

rFire   . . .        a - +0 shortbow
rCold   . . .        (shield currently unavailable)
rNeg    . . .        g - +0 ring mail
rPois   .            (no helmet)
rElec   .            e - +0 cloak
rCorr   .            (no gloves)
SInv    .            (no boots)
Will    .....        (no amulet)
Stlth   +            (no ring)
HPRegen 0.28/turn    (no ring)
MPRegen 0.10/turn

%: no passive effects
@: hasted, very quick
A: rugged brown scales 2, condensation shield, weakness stinger 1
a: no special abilities


You were on level 4 of the Dungeon.
You visited 1 branch of the dungeon, and saw 4 of its levels.

You collected 143 gold pieces.

Inventory:

Hand Weapons
 a - a +0 shortbow (weapon)
Armour
 e - a +0 cloak (worn)
 g - a +0 ring mail (worn)
Wands
 u - a wand of roots (5)
 v - a wand of charming (3)
Scrolls
 b - 2 scrolls of immolation
 d - a scroll of enchant armour {unknown}
 f - 3 scrolls of teleportation {unknown}
 h - a scroll of vulnerability {unknown}
 k - a scroll of torment {unknown}
 l - a scroll of fear {unknown}
 m - a scroll of amnesia {unknown}
 w - 3 scrolls of fog {unknown}
Potions
 i - a potion of lignification
 j - a potion of attraction
 n - a potion of mutation
 o - a potion of curing
 p - 2 potions of flight
 q - a potion of degeneration
 r - a potion of resistance
 s - a potion of brilliance


   Skills:
 - Level 4.3 Fighting
 + Level 5.6 Ranged Weapons
 - Level 1.7 Dodging
 - Level 0.8 Stealth


You had 5 spell levels left.
You didn't know any spells.
Your spell library contained the following spells:

 Spells                   Type           Power      Damage    Failure   Level
 Apportation              Tloc           0%         N/A       63%         1
 Necrotise                Necr           0%         1d4       63%         1
 Summon Small Mammal      Summ           0%         N/A       63%         1
 Olgreb's Toxic Radiance  Pois           0%         N/A       100%        4
 Discord                  Hex            0%         N/A       100%        8
 Ignition                 Fire           0%         3d3       100%        8


Dungeon Overview and Level Annotations

Branches:
Dungeon (4/15)
 Temple: D:4-7

Altars:
Hepliaklqana
Makhleb
Uskayaw
Vehumet

Annotations:
D:3 2 transporters, Dittersdorf's ghost, amateur GrFi


Innate Abilities, Weirdness & Mutations

You are mostly covered in rugged brown scales. (AC +2, +5% HP)
A meltable shield of frost defends you. (SH +4)
You have a small tail.


Message History

Fire: a) +0 shortbow
Press: ? - help, Q - select action, (/) - cycle Shift-Dir - straight line, f/p - ogre
Aim: an ogre, wielding a +0 giant club (moderately wounded, 77% to hit)
You shoot an arrow.
The arrow hits the iguana but does no damage.
The iguana is almost dead.
Fire: a) +0 shortbow
Press: ? - help, Q - select action, (/) - cycle Shift-Dir - straight line, f/p - ogre
Aim: an ogre, wielding a +0 giant club (moderately wounded, 77% to hit)
You shoot an arrow. The arrow closely misses the iguana.
The arrow hits the ogre.
The ogre is moderately wounded.
The iguana barely misses you.
Fire: a) +0 shortbow
Press: ? - help, Q - select action, (/) - cycle Shift-Dir - straight line, f/p - ogre
Aim: an ogre, wielding a +0 giant club (moderately wounded, 77% to hit)
You shoot an arrow. The arrow hits the iguana.
You kill the iguana!
You block the orc's attack.
You have reached level 6!
Your demonic ancestry asserts itself...
You grow a small tail.
Fire: a) +0 shortbow
Press: ? - help, Q - select action, (/) - cycle Shift-Dir - straight line, f/p - ogre
Aim: an ogre, wielding a +0 giant club (moderately wounded, 77% to hit)
You shoot an arrow. The arrow barely misses the ogre.
The ogre closely misses you. The orc completely misses you.
Unknown command.
Fire: a) +0 shortbow
Press: ? - help, Q - select action, (/) - cycle Shift-Dir - straight line, f/p - ogre
Aim: an ogre, wielding a +0 giant club (moderately wounded, 77% to hit)
You shoot an arrow. The arrow barely misses the ogre.
The orc barely misses you.
Fire: a) +0 shortbow
Press: ? - help, Q - select action, (/) - cycle Shift-Dir - straight line, f/p - ogre
Aim: an ogre, wielding a +0 giant club (moderately wounded, 77% to hit)
You shoot an arrow. The arrow completely misses the ogre.
The ogre hits you with a +0 giant club!!
Ouch! That really hurt!
You die...

#######...####.....<#
#...### ####...#
##..# #...# #..#
#...# #..# ##.## #..#
##...### #.o#
###......# #O##
##......... #@#
##........##
#....###.#......###
..######.####...##
#.## #.# ##.## # ###
###


You could see an ogre and an orc.

Vanquished Creatures
  A crimson imp (D:4)
  2 orc priests (D:4)
  An iguana (D:4)
  An orc wizard (D:3)
  3 gnolls
  2 adders
  2 worms (D:2)
  A dart slug (D:1)
  12 orcs
  2 bats (D:1)
  4 endoplasms
  2 giant cockroaches
  6 goblins
  6 hobgoblins
  8 jackals
  3 quokkas
  3 ball pythons
  A frilled lizard (D:1)
  6 kobolds
  5 rats
71 creatures vanquished.

Notes
Turn   | Place    | Note
-------+----------+-------------------------------------------
     0 | D:1      | Maxmaps the Demonspawn Hunter began the quest for the Orb.
     0 | D:1      | Reached XP level 1. HP: 16/16 MP: 1/1
   280 | D:1      | Gained mutation: You are partially covered in rugged brown
                  | scales. (AC +1, +3% HP) [demonic ancestry]
   280 | D:1      | Reached XP level 2. HP: 17/23 MP: 2/2
   847 | D:2      | Identified the +2 robe "Gadghusa" {Drain Regen+ Int-3
                  | Stlth+}
   921 | D:2      | Gained mutation: A meltable shield of frost defends you.
                  | (SH +4) [demonic ancestry]
   921 | D:2      | Reached XP level 3. HP: 29/29 MP: 3/3
  1624 | D:3      | Found a faded altar of an unknown god.
  1743 | D:3      | Gained mutation: You are mostly covered in rugged brown
                  | scales. (AC +2, +5% HP) [demonic ancestry]
  1743 | D:3      | Reached XP level 4. HP: 27/38 MP: 4/4
  1996 | D:3      | Reached skill level 4 in Ranged Weapons
  2055 | D:3      | Found a transporter.
  2056 | D:3      | Noticed Dittersdorf's ghost (amateur GrFi)
  2069 | D:3      | Found a transporter.
  2348 | D:4      | Noticed a gnoll sergeant
  2561 | D:4      | Reached XP level 5. HP: 39/44 MP: 5/5
  2664 | D:4      | Found a burning altar of Makhleb.
  2665 | D:4      | Found a radiant altar of Vehumet.
  2671 | D:4      | Reached skill level 5 in Ranged Weapons
  2874 | D:4      | Found a hide-covered altar of Uskayaw.
  3305 | D:4      | Found a hazy altar of Hepliaklqana.
  3316 | D:4      | Noticed an ogre
  3323 | D:4      | HP: 2/44 [iguana (1)]
  3343 | D:4      | Gained mutation: You have a small tail. [demonic ancestry]
  3343 | D:4      | Reached XP level 6. HP: 8/50 MP: 6/6
  3345 | D:4      | Demolished by an ogre

Illustrated notes

Levels and vault maps discovered:
D:1:      dpeg_arrival_round_c, layout_loops_cross
D:2:      layout_loops_ring
D:3:      layout_basic, gammafunk_ghost_stat_death,
          chequers_ecumenical_altar_simple, dk_vineyard_1, item_on_display_a
D:4:      layout_layer_cave, grunt_temple_overflow_lords_of_destruction,
          nicolae_uskayaw_murder_on_the_dancefloor,
          mainiacjoe_overflow_alcove_1, uniq_menkaure

Skill      XL: |  1  2  3  4  5 |
---------------+----------------+-----
Fighting       | 3 4 |  4.3
Ranged Weapons | 4 5 |  5.6
Dodging        | |  1.7
Stealth        | |  0.8

Action                     |  1- 3 |  4- 6 || total
---------------------------+-------+-------++-------
   Fire: Shortbow          |   155 |    98 ||   253
    Use: Potion            |       |     7 ||     7
         Scroll            |       |     4 ||     4
 Armour: Leather armour    |     3 |       ||     3
         Ring mail         |    35 |    24 ||    59
         Skin              |       |     8 ||     8
  Dodge: Dodged            |    60 |    34 ||    94
  Block: Other             |    12 |    23 ||    35

Table legend: (Time is in decaauts)
 A = Elapsed time spent in this place.
 B = Non-inter-level travel time spent in this place.
 C = Inter-level travel time spent in this place.
 D = Time resting spent in this place.
 E = Time spent auto-exploring this place.
 F = Levels seen in this place.
 G = Mean time per level.
                   A        B        C        D        E       F      G
               +--------+--------+--------+--------+--------+-----+--------+
         Total |   3452 |   3188 |    264 |    382 |   2198 |   4 |  863.0 |
       Dungeon |   3452 |   3188 |    264 |    382 |   2198 |   4 |  863.0 |
               +--------+--------+--------+--------+--------+-----+--------+

Top non-repeatable levels by time:
     D:3: 1108 daAuts
     D:1: 870 daAuts
     D:2: 813 daAuts
     D:4: 661 daAuts
